 Dungeon Crawl Stone Soup version 0.27-a0-1193-g8631133539 (webtiles) character file.

Game seed: 11668967364947111296

1453 senseless the Ducker (level 8, -1/67 HPs)
             Began as a Gnoll Monk on May 26, 2021.
             Was an Elder of Nemelex Xobeh.
             Engulfed by a steam dragon's steam (10 damage)
             ... on level 6 of the Dungeon.
             The game lasted 00:14:16 (6652 turns).

senseless the Ducker (Gnoll Monk)                   Turns: 6652, Time: 00:14:17

Health: -1/67      AC:  8    Str: 13    XL:     8   Next: 75%
Magic:  13/13      EV: 14    Int:  9    God:    Nemelex Xobeh [****..]
Gold:   290        SH:  0    Dex: 15    Spells: 14/14 levels left

rFire    . . .     SeeInvis .   o - +4 flail (vorpal)
rCold    . . .     Faith    .   (no shield)
rNeg     . . .     Spirit   .   p - +0 ring mail
rPois    .         Reflect  .   d - +1 hat {Will+}
rElec    .         Harm     .   (no cloak)
rCorr    .         Rampage  .   u - +1 pair of gloves
Will     +....                  (no boots)
Stlth    ++........             (no amulet)
HPRegen  0.21/turn              (no ring)
MPRegen  0.13/turn              (no ring)

@: no status effects
A: fangs 1, strong nose, distributed training
a: Renounce Religion, Draw Escape, Draw Destruction, Draw Summoning, Triple
Draw, Deal Four


You were on level 6 of the Dungeon.
You worshipped Nemelex Xobeh.
Nemelex Xobeh was greatly pleased with you.
You visited 1 branch of the dungeon, and saw 6 of its levels.

You collected 290 gold pieces.

Inventory:

Hand Weapons
 a - a +0 hand axe
 g - a +0 halberd
 i - a +0 dagger of venom
 o - a +4 vorpal flail (weapon)
Missiles
 f - 4 atropa-tipped darts (quivered)
 l - 8 curare-tipped darts
 m - 21 poisoned darts
Armour
 b - a +0 robe
 d - a +1 hat of willpower (worn)
 p - a +0 ring mail (worn)
 u - a +1 pair of gloves (worn)
Magical Staves
 k - a staff of fire
Wands
 n - a wand of flame (26)
 s - a wand of charming (8)
Scrolls
 c - 3 scrolls of teleportation
 q - a scroll of amnesia
Potions
 e - 3 potions of curing
 h - 2 potions of cancellation
 j - a potion of berserk rage {unknown}
 r - a potion of attraction {unknown}
 t - a potion of flight {unknown}
 v - a potion of haste


   Skills:
 + Level 7.5 Fighting
 + Level 3.5 Short Blades
 + Level 3.5 Long Blades
 + Level 7.5 Axes
 + Level 3.5 Maces & Flails
 + Level 3.5 Polearms
 + Level 3.5 Staves
 + Level 3.5 Slings
 + Level 3.5 Bows
 + Level 3.5 Crossbows
 + Level 3.5 Throwing
 + Level 3.5 Armour
 + Level 7.5 Dodging
 + Level 5.5 Stealth
 + Level 3.5 Shields
 + Level 3.5 Unarmed Combat
 + Level 3.5 Spellcasting
 + Level 2.9 Conjurations
 + Level 2.9 Hexes
 + Level 2.9 Summonings
 + Level 2.9 Necromancy
 + Level 2.9 Translocations
 + Level 2.9 Transmutations
 + Level 2.9 Fire Magic
 + Level 2.9 Ice Magic
 + Level 2.9 Air Magic
 + Level 2.9 Earth Magic
 + Level 2.9 Poison Magic
 + Level 3.9 Invocations
 + Level 3.5 Evocations


You had 14 spell levels left.
You didn't know any spells.
Your spell library contained the following spells:

 Spells                   Type           Power      Damage    Failure   Level
 Freeze                   Ice            24%        1d5       19%         1
 Frozen Ramparts          Ice            12%        1d3       47%         3
 Ignite Poison            Fire/Tmut/Pois 6%         N/A       47%         3
 Ozocubu's Armour         Ice            6%         N/A       47%         3
 Hailstorm                Conj/Ice       6%         3d4       87%         4
 Bolt of Magma            Conj/Fire/Erth 3%         4d5       99%         5
 Iskenderun's Battlesphe  Conj           6%         2d6       99%         5
 Metabolic Englaciation   Hex/Ice        3%         N/A       99%         5
 Iron Shot                Conj/Erth      3%         9d2       100%        6
 Orb of Destruction       Conj           3%         9d1       100%        7
 Spellforged Servitor     Conj/Summ      3%         N/A       100%        7
 Ignition                 Fire           3%         3d4       100%        8
 Shatter                  Erth           3%         3d7*      100%        9


Dungeon Overview and Level Annotations

Branches:
Dungeon (6/15)             Temple (0/1) D:4

Altars:
Kikubaaqudgha
Makhleb
Nemelex Xobeh
Qazlal

Annotations:
D:6 Duvessa


Innate Abilities, Weirdness & Mutations

You have very sharp teeth.
Your uncanny sense of smell can sniff out nearby items.
Your experience applies equally to all skills.


Message History

The necrophage barely misses you.
You hit the necrophage.
You destroy the necrophage!
The steam dragon completely misses you. The steam dragon barely misses you.
Your life force feels restored.
You sock the steam dragon!
The steam dragon is moderately wounded.
The steam dragon bites you!
* * * LOW HITPOINT WARNING * * *
The steam dragon misses you.
You barely miss the steam dragon.
The steam dragon is moderately wounded.
The steam dragon bites you!
* * * LOW HITPOINT WARNING * * *
The steam dragon completely misses you.
You feel better. The steam dragon barely misses you.
The steam dragon claws you but does no damage.
You hit the steam dragon.
The steam dragon is heavily wounded.
The steam dragon barely misses you. The steam dragon closely misses you.
You hit the steam dragon.
The steam dragon is heavily wounded.
The steam dragon closely misses you.
The steam dragon claws you but does no damage.
The steam dragon bites you but does no damage.
The steam dragon closely misses you.
You closely miss the steam dragon.
The steam dragon is heavily wounded.
The steam dragon breathes steam at you. The ball of steam hits you.
* * * LOW HITPOINT WARNING * * *
You barely miss the steam dragon.
The steam dragon is heavily wounded.
You are engulfed in a cloud of scalding steam.
The steam dragon barely misses you. x2
You sock the steam dragon!
The steam dragon is almost dead.
You are engulfed in a cloud of scalding steam.
You die...
Your body disappears without a glow.

#≈## #.#.###<#### ∆
#≈#########.#.#..)...# ∆∆
#≈.......##.#..).....# ∆
#≈..........##.......###
#≈.....D...............#
##≈.........###...(...#.#
#≈≈..........)#.......#.#
≈≈..........#D##......#.#
##≈≈...........#@##......#.#
≈≈≈............#§##......#.#
.............n.>.######.##.#
...............#§######.##.#
...............#...........#
...............#..#####.####
...............#..# #.#
...............#..#####.#
gc.Z...........#..#.....#


You could see a steam dragon (catching breath).

Vanquished Creatures
  A naga (D:4)
  A water moccasin (D:5)
  2 black bears (D:6)
  An ogre (D:5)
  A necrophage (D:6)
  2 centaurs
  A kobold brigand (D:4)
  A bullfrog (D:6)
  2 scorpions
  A water moccasin zombie (D:6)
  Dowan (D:6)
  A howler monkey (D:2)
  2 hounds
  A jelly (D:6)
  A bullfrog skeleton (D:4)
  A scorpion zombie (D:5)
  A hound zombie (D:5)
  3 gnolls (D:6)
  A howler monkey skeleton (D:4)
  4 adders
  A river rat (D:2)
  A shadow imp (D:6)
  An ufetubus (D:4)
  An adder skeleton (D:4)
  A worm (D:3)
  5 dart slugs
  An orc (D:5)
  4 endoplasms
  4 giant cockroaches (D:1)
  8 goblins
  9 hobgoblins
  4 jackals
  3 kobolds
  3 quokkas
  3 ball pythons
  5 bats
  4 frilled lizards
  6 rats
93 creatures vanquished.

Notes
Turn   | Place    | Note
-------+----------+-------------------------------------------
     0 | D:1      | senseless the Gnoll Monk began the quest for the Orb.
     0 | D:1      | Reached XP level 1. HP: 23/23 MP: 1/1
   175 | D:1      | Reached XP level 2. HP: 25/29 MP: 2/2
   586 | D:1      | Reached XP level 3. HP: 27/35 MP: 3/3
   950 | D:2      | Found a faded altar of an unknown god.
   957 | D:2      | Became a worshipper of Nemelex Xobeh the Trickster
   957 | D:2      | Reached * piety under Nemelex Xobeh
   957 | D:2      | Received a gift from Nemelex Xobeh
   957 | D:2      | Reached ** piety under Nemelex Xobeh
   957 | D:2      | Received a gift from Nemelex Xobeh
  1405 | D:2      | Reached *** piety under Nemelex Xobeh
  1446 | D:2      | Reached skill level 1 in Invocations
  1575 | D:2      | Received a gift from Nemelex Xobeh
  1586 | D:2      | Reached skill level 1 in Short Blades
  1586 | D:2      | Reached skill level 1 in Long Blades
  1586 | D:2      | Reached skill level 1 in Maces & Flails
  1586 | D:2      | Reached skill level 1 in Polearms
  1586 | D:2      | Reached skill level 1 in Staves
  1586 | D:2      | Reached skill level 1 in Slings
  1586 | D:2      | Reached skill level 1 in Bows
  1586 | D:2      | Reached skill level 1 in Crossbows
  1586 | D:2      | Reached skill level 1 in Throwing
  1586 | D:2      | Reached skill level 1 in Armour
  1586 | D:2      | Reached skill level 1 in Shields
  1586 | D:2      | Reached skill level 1 in Unarmed Combat
  1586 | D:2      | Reached skill level 1 in Spellcasting
  1586 | D:2      | Reached skill level 1 in Evocations
  1598 | D:2      | Reached skill level 1 in Conjurations
  1598 | D:2      | Reached skill level 1 in Hexes
  1598 | D:2      | Reached skill level 1 in Summonings
  1598 | D:2      | Reached skill level 1 in Necromancy
  1598 | D:2      | Reached skill level 1 in Translocations
  1598 | D:2      | Reached skill level 1 in Transmutations
  1598 | D:2      | Reached skill level 1 in Fire Magic
  1598 | D:2      | Reached skill level 1 in Ice Magic
  1598 | D:2      | Reached skill level 1 in Air Magic
  1598 | D:2      | Reached skill level 1 in Earth Magic
  1598 | D:2      | Reached skill level 1 in Poison Magic
  1598 | D:2      | Reached XP level 4. HP: 38/41 MP: 5/5
  2146 | D:3      | Reached XP level 5. HP: 40/47 MP: 6/6
  3058 | D:4      | Found a staircase to the Ecumenical Temple.
  3292 | D:4      | Reached XP level 6. HP: 44/53 MP: 8/8
  3751 | D:4      | Reached **** piety under Nemelex Xobeh
  4006 | D:4      | Found a stormy altar of Qazlal.
  4006 | D:4      | Received a gift from Nemelex Xobeh
  4007 | D:4      | Noticed Edmund
  4010 | D:4      | Noticed Edmund
  4010 | D:4      | Edmund changed into Edmund the naga
  4012 | D:4      | Killed Edmund the naga
  4403 | D:5      | Entered Level 5 of the Dungeon
  4464 | D:5      | Reached XP level 7. HP: 55/60 MP: 10/10
  4582 | D:5      | Found an ancient bone altar of Kikubaaqudgha.
  4584 | D:5      | Found a burning altar of Makhleb.
  4668 | D:5      | Reached skill level 5 in Stealth
  5240 | D:5      | Reached XP level 8. HP: 67/67 MP: 12/12
  5776 | D:6      | Noticed Duvessa
  5777 | D:6      | Noticed Dowan
  5803 | D:6      | Killed Dowan
  6061 | D:6      | Identified the Incunabulum of Ashen Fire
  6652 | D:6      | Engulfed by a steam dragon's steam

Illustrated notes

Levels and vault maps discovered:
D:1:      amcnicky_arrival_abandoned_market, layout_loops_ring, fountainhead,
          minmay_misc_feat_diagonals
D:2:      layout_basic, shapermc_ecumenical_altar_gd
D:3:      layout_basic
D:4:      layout_basic, minmay_temple_entry_statues_pillars,
          minmay_misc_feat_plants, amethyst_killhole, minivault_25,
          kennysheep_flooded_box, grunt_ministairs_10, chequers_arboretum,
          corexii_leaking_fountain, corexii_shack, bh_walls_and_bars,
          uniq_edmund
D:5:      layout_basic, chequers_temple_overflow_statue_of_worship,
          minmay_misc_feat_more_columns
D:6:      layout_basic, xom_butterflies, hex_intersection, water_maze_lemuel,
          uniq_duvessa

Skill      XL: |  1  2  3  4  5  6  7  8 |
---------------+-------------------------+-----
Invocations    | 1 2 3 |  3.9
Short Blades   | 1 2 3 |  3.5
Long Blades    | 1 2 3 |  3.5
Maces & Flails | 1 2 3 |  3.5
Polearms       | 1 2 3 |  3.5
Staves         | 1 2 3 |  3.5
Slings         | 1 2 3 |  3.5
Bows           | 1 2 3 |  3.5
Crossbows      | 1 2 3 |  3.5
Throwing       | 1 2 3 |  3.5
Armour         | 1 2 3 |  3.5
Shields        | 1 2 3 |  3.5
Unarmed Combat | 1 2 3 |  3.5
Spellcasting   | 1 2 3 |  3.5
Evocations     | 1 2 3 |  3.5
Conjurations   | 1 2 |  2.9
Hexes          | 1 2 |  2.9
Summonings     | 1 2 |  2.9
Necromancy     | 1 2 |  2.9
Translocations | 1 2 |  2.9
Transmutations | 1 2 |  2.9
Fire Magic     | 1 2 |  2.9
Ice Magic      | 1 2 |  2.9
Air Magic      | 1 2 |  2.9
Earth Magic    | 1 2 |  2.9
Poison Magic   | 1 2 |  2.9
Fighting       | 7 |  7.5
Axes           | 7 |  7.5
Dodging        | 7 |  7.5
Stealth        | 5 |  5.5

Action                   |  1- 3 |  4- 6 |  7- 9 || total
-------------------------+-------+-------+-------++-------
Melee: Hand axe          |    95 |   150 |       ||   245
       Bite              |     7 |    12 |    11 ||    30
       Flail             |       |     3 |   134 ||   137
       Punch             |       |     1 |     3 ||     4
Invok: Draw Destruction  |     1 |     3 |       ||     4
       Deal Four         |       |     1 |       ||     1
  Use: Scroll            |     4 |     3 |     5 ||    12
       Potion            |       |       |     1 ||     1
 Stab: Sleeping          |     8 |     9 |     2 ||    19
Armor: Robe              |    15 |    15 |       ||    30
       Ring mail         |       |     1 |    51 ||    52
Dodge: Dodged            |    51 |   100 |   120 ||   271

Table legend: (Time is in decaauts)
 A = Elapsed time spent in this place.
 B = Non-inter-level travel time spent in this place.
 C = Inter-level travel time spent in this place.
 D = Time resting spent in this place.
 E = Time spent auto-exploring this place.
 F = Levels seen in this place.
 G = Mean time per level.
                   A        B        C        D        E       F      G
               +--------+--------+--------+--------+--------+-----+--------+
         Total |   6680 |   6488 |    192 |    519 |   5077 |   6 | 1113.3 |
       Dungeon |   6680 |   6488 |    192 |    519 |   5077 |   6 | 1113.3 |
               +--------+--------+--------+--------+--------+-----+--------+

Top non-repeatable levels by time:
     D:4: 1641 daAuts
     D:5: 1271 daAuts
     D:2: 1102 daAuts
     D:6: 1013 daAuts
     D:1: 941 daAuts
     D:3: 711 daAuts
